 Dungeon Crawl Stone Soup version 0.30-a0-170-g85af917532 (webtiles) character file.

Game seed: 2409443563577248965

155 qw the Chopper (level 5, -2/32 HPs)
             Began as a Gargoyle Fighter on Sept 30, 2022.
             Slain by Sigmund
             ... wielding a +0 scythe
              (3 damage)
             ... on level 2 of the Dungeon.
             The game lasted 00:00:47 (2420 turns).

qw the Chopper (Gargoyle Fighter)                   Turns: 2420, Time: 00:00:48

Health: -2/32      AC: 13    Str: 21    XL:     5   Next: 37%
Magic:  5/5        EV:  7    Int:  9    God:
Gold:   80         SH:  4    Dex:  9    Spells: 4/4 levels left

rFire   . . .      SeeInvis .    Y - +0 war axe
rCold   . . .      Faith    .    c - +0 buckler
rNeg    + . .      Spirit   .    j - +0 chain mail
rPois   inf        Reflect  .    (no helmet)
rElec   +          Harm     .    (no cloak)
rCorr   +          Rampage  .    (no gloves)
Will    .....                    (no boots)
Stlth   ..........               (no amulet)
HPRegen 0.10/turn                m - ring of resist corrosion
MPRegen 0.09/turn                (no ring)

@: no status effects
A: sickness immunity, AC +4, negative energy resistance 1, electricity
resistance, torment resistance 1, petrification resistance
a: no special abilities


You were on level 2 of the Dungeon.
You visited 1 branch of the dungeon, and saw 2 of its levels.

You collected 80 gold pieces.


Innate Abilities, Weirdness & Mutations

You are immune to sickness and miasma.
Your stone body is resilient. (AC +4)
You are immune to poison.
You resist negative energy. (rN+)
You are resistant to electric shocks. (rElec)
You are resistant to unholy torment.
You are immune to petrification.


   Skills:
 - Level 3.2 Fighting
 + Level 4.9 Axes
 - Level 3.2 Armour
 - Level 3.2 Shields


You had 4 spell levels left.
You didn't know any spells.
Your spell library was empty.

Inventory:

Hand Weapons
 b - a +0 flail
 Y - a +0 war axe (weapon)
Armour
 c - a +0 buckler (worn)
 j - a +0 chain mail (worn)
Jewellery
 e - an amulet of reflection
 m - a ring of resist corrosion (left hand)
Scrolls
 a - 5 scrolls of identify
Potions
 d - 2 potions of might
 f - a potion of magic {unknown}
 h - a potion of lignification
 l - a potion of resistance
 n - a potion of haste {unknown}
 o - a potion of attraction {unknown}

Dungeon Overview and Level Annotations

Branches:
Dungeon (2/15)

Altars:
Nemelex Xobeh

Annotations:
D:2 1 runed translucent door, Crazy Yiuf, Sigmund


Message History

You closely miss the adder. You miss something.
The adder bites you but does no damage. Something hits you but does no damage.
The adder barely misses you.
You slash the adder!
You kill the adder!
You closely miss something. You block something's attack.
You miss something. You closely miss something. Something hits you!
You slash something! Something hits you but does no damage.
You barely miss something. Something hits you.
You barely miss something. Something hits you but does no damage.
You barely miss something.
You hear some strange, mumbled words.
A magic dart appears from out of thin air!
The magic dart hits you but does no damage.
You barely miss something. Something hits you but does no damage.
You closely miss something. Something hits you but does no damage.
You slash something! Something hits you.
You closely miss something. You miss something. Something hits you.
You barely miss something. Something hits you but does no damage.
You miss something. Something hits you.
You closely miss something.
You hear some strange, mumbled words.
A puff of flame appears from out of thin air!
The puff of flame hits you!
You barely miss something. Something hits you.
You die...

#....................
##%####....##....####.
#...^####......###
#......####..###
#........#####
#.#......# ##
#<.....####..###
##...####%.....#
#.####.@{......
#.#####........###...
# #...............# .
########.######.# #
#.# .# #.# .# #/# # .
#.. # ###


There were no monsters in sight!

Vanquished Creatures
  Terence (D:2)
  Natasha (D:2)
  2 gnolls (D:2)
  2 adders (D:2)
  A worm (D:2)
  3 dart slugs
  3 orcs (D:2)
  2 ball pythons (D:1)
  5 bats
  5 endoplasms
  3 giant cockroaches
  2 goblins (D:2)
  4 hobgoblins
  4 jackals (D:1)
  3 kobolds (D:1)
  6 quokkas (D:2)
  A frilled lizard (D:2)
  4 rats
52 creatures vanquished.

Vanquished Creatures (others)
  52 plants (D:2)
52 creatures vanquished.

Grand Total: 104 creatures vanquished

Notes
Turn   | Place    | Note
-------+----------+-------------------------------------------
     0 | D:1      | qw the Gargoyle Fighter began the quest for the Orb.
     0 | D:1      | Reached XP level 1. HP: 14/14 MP: 1/1
     0 | D:1      | 0 ||| qw: Version: 0.2-a-12-gaebbb33
     0 | D:1      | 0 ||| qw: Game counter: 1445
     0 | D:1      | 0 ||| qw: Always use a shield: true
     0 | D:1      | 0 ||| qw: God list: Okawaru
     0 | D:1      | 0 ||| qw: Allow faded altars: false
     0 | D:1      | 0 ||| qw: Do Orc after D:15 true
     0 | D:1      | 0 ||| qw: Do second Lair branch before Depths: true
     0 | D:1      | 0 ||| qw: Lair rune preference: random
     0 | D:1      | 0 ||| qw: Plans: Normal, Zot:1-4, God:TSO, Crypt, Tomb,
                  | Pan, Slime:5, Hells, Abyss, Orb
     0 | D:1      | 0 ||| PLANNING D:1-11
    53 | D:1      | Reached skill level 2 in Axes
   263 | D:1      | Reached XP level 2. HP: 19/19 MP: 2/2
   406 | D:1      | 406 ||| Stepping ~*~*~tactically~*~*~ (stealth).
   407 | D:1      | 407 ||| Stepping ~*~*~tactically~*~*~ (stealth).
   544 | D:1      | 544 ||| Stepping ~*~*~tactically~*~*~ (stealth).
   549 | D:1      | Reached skill level 3 in Axes
   555 | D:1      | Reached XP level 3. HP: 18/23 MP: 3/3
   864 | D:1      | 864 ||| UPGRADING to +0 chain mail.
   874 | D:1      | 874 ||| DROPPING +0 scale mail.
   875 | D:1      | 875 ||| UPGRADING to ring of resist corrosion.
   876 | D:1      | 876 ||| READING 4 scrolls labelled TACZUNNECRA.
   877 | D:1      | 877 ||| READING scroll labelled CUATRO YTIN.
   878 | D:1      | 878 ||| READING 2 scrolls labelled ZIBBEISKOTOY.
   879 | D:1      | 879 ||| READING scroll labelled VEARAA WESISIMYALA.
   880 | D:1      | 880 ||| READING 3 scrolls of identify.
   880 | D:1      | 880 ||| IDENTIFYING green potion
   881 | D:1      | 881 ||| READING 2 scrolls of identify.
   881 | D:1      | 881 ||| IDENTIFYING sedimented emerald potion
   882 | D:1      | 882 ||| DROPPING scroll of immolation.
   944 | D:2      | 944 ||| Stepping ~*~*~tactically~*~*~ (hiding).
   956 | D:2      | 956 ||| Stepping ~*~*~tactically~*~*~ (hiding).
   987 | D:2      | 987 ||| FLEEEEING.
   997 | D:2      | 997 ||| STAIRDANCE
  1054 | D:2      | 1054 ||| Stepping ~*~*~tactically~*~*~ (stealth).
  1099 | D:2      | 1099 ||| DROPPING +0 whip.
  1221 | D:2      | 1221 ||| Stepping ~*~*~tactically~*~*~ (stealth).
  1222 | D:2      | 1222 ||| Stepping ~*~*~tactically~*~*~ (stealth).
  1229 | D:2      | 1229 ||| Stepping ~*~*~tactically~*~*~ (stealth).
  1231 | D:2      | Reached XP level 4. HP: 14/28 MP: 4/4
  1285 | D:2      | 1285 ||| FLEEEEING.
  1286 | D:2      | 1286 ||| FLEEEEING.
  1286 | D:2      | Found a sparkling altar of Nemelex Xobeh.
  1290 | D:2      | Reached skill level 4 in Axes
  1553 | D:2      | Found a runed translucent door.
  1554 | D:2      | Noticed Crazy Yiuf
  1569 | D:2      | Noticed Terence
  1578 | D:2      | HP: 7/28 [Terence/+1 hand axe of draining (7)]
  1579 | D:2      | Killed Terence
  1813 | D:2      | 1813 ||| Stepping ~*~*~tactically~*~*~ (stealth).
  1908 | D:2      | Noticed Natasha
  1909 | D:2      | 1909 ||| Stepping ~*~*~tactically~*~*~ (hiding).
  1910 | D:2      | 1910 ||| Stepping ~*~*~tactically~*~*~ (hiding).
  1914 | D:2      | Killed Natasha
  1915 | D:2      | Reached XP level 5. HP: 32/32 MP: 5/5
  2209 | D:2      | 2209 ||| Stepping ~*~*~tactically~*~*~ (hiding).
  2399 | D:2      | Noticed Sigmund
  2419 | D:2      | HP: 1/32 [something/puff of flame (10)]
  2420 | D:2      | Slain by Sigmund

Levels and vault maps discovered:
D:1:      psy_arrival_dodecagon, layout_basic, grunt_decor_clamped
D:2:      wad_woods_stonehenge, layout_loops_ring, hangedman_decor_peaks_small,
          minmay_misc_feat_x, nrook_campfire, chequers_serial_rivers_marsh,
          minivault_26, guppyfry_early_orc_mine, uniq_sigmund, uniq_terence,
          uniq_crazy_yiuf_cottage, uniq_natasha

Skill      XL: |  1  2  3  4 |
---------------+-------------+-----
Axes           | 2 3 4 |  4.9
Fighting       | |  3.2
Armour         | |  3.2
Shields        | |  3.2

Action                   |  1- 3 |  4- 6 || total
-------------------------+-------+-------++-------
Melee: War axe           |    86 |    62 ||   148
  Use: Scroll            |     6 |       ||     6
Armor: Scale mail        |    30 |       ||    30
       Chain mail        |    15 |    41 ||    56
Dodge: Dodged            |    35 |    13 ||    48
Block: Buckler           |    15 |     6 ||    21

Table legend:
 A = Non-vault XP
 B = Vault XP
 C = Vault XP percentage of total XP
 D = Non-vault monster count
 E = Vault monster count
 F = Vault count percentage of total count
                 A         B        C        D         E       F
            +---------+---------+-------+---------+---------+-------
      Total |      94 |     128 |  57.7 |      35 |      17 |  32.7
            +---------+---------+-------+---------+---------+-------
        D:1 |      42 |       0 |   0.0 |      22 |       0 |   0.0
        D:2 |      52 |     128 |  71.1 |      13 |      17 |  56.7
            +---------+---------+-------+---------+---------+-------
